 Dungeon Crawl Stone Soup version 0.16-a0-4056-gee4db93 (webtiles) character file.

347 timbw the Cudgeler (level 6, 0/61 HPs)
             Began as a Human Wizard on Feb 20, 2015.
             Was an Initiate of the Shining One.
             Slain by a sky beast (4 damage)
             ... on level 5 of the Dungeon.
             The game lasted 00:07:49 (2100 turns).

timbw the Cudgeler (Human Wizard)                   Turns: 2100, Time: 00:07:49

Health: 0/61       AC:  5    Str: 13    XL:     6   Next: 90%
Magic:  9/12       EV: 12    Int: 19    God:    the Shining One [......]
Gold:   66         SH:  0    Dex: 15    Spells: 4 memorised, 2 levels left

rFire  + . .     SeeInvis .     l - +0 flail
rCold  . . .     Clarity  .     n - +0 leather armour
rNeg   . . .     SustAb   .     (no shield)
rPois  .         Gourm    .     b - +0 hat
rElec  .         Spirit   .     (no cloak)
rCorr  .         Warding  .     (no gloves)
rMut   .         Stasis   .     k - +1 pair of boots {run}
MR     .....                    t - amulet of rage
Stlth  ..........               x - ring of protection from fire
                                j - +3 ring of dexterity

@: berserking (expiring), lethally poisoned (0 -> -4), very slightly
contaminated, repel missiles, very quick, not resistant to hostile enchantments,
extremely unstealthy
A: no striking features
a: Renounce Religion, Evoke Berserk Rage


You were on level 5 of the Dungeon.
You worshipped the Shining One.
The Shining One was noncommittal.
You were hungry.

You visited 2 branches of the dungeon, and saw 6 of its levels.

You collected 66 gold pieces.

Inventory:

Hand weapons
 l - a +0 flail (weapon)
 u - a +0 blowgun
Missiles
 e - 2 javelins (quivered)
 v - 2 poisoned needles
Armour
 a - a +0 robe
 b - a +0 hat (worn)
 k - a +1 pair of boots of running (worn)
 n - a +0 leather armour (worn)
Jewellery
 j - a +3 ring of dexterity (left hand)
 t - an amulet of rage (around neck)
 x - a ring of protection from fire (right hand)
Magical devices
 s - a wand of random effects (27)
Scrolls
 h - 3 scrolls of remove curse {unknown}
 i - a scroll of fear {unknown}
 m - 2 scrolls of enchant armour {unknown}
 r - a scroll of identify {unknown}
Potions
 o - a potion of curing
 w - a potion of ambrosia {unknown}
Books
 c - a book of Minor Magic

   Spells                             Type                      Level
   a - Magic Dart                     Conjuration                  1
   b - Blink                          Translocation                2
   c - Call Imp                       Summoning                    2
   d - Repel Missiles                 Charms/Air                   2
   e - Slow                           Hexes                        2
   f - Conjure Flame                  Conjuration/Fire             3
   g - Mephitic Cloud                 Conjuration/Poison/Air       3
Comestibles
 d - 2 bread rations
 f - 7 meat rations
 g - a beef jerky
 p - 2 slices of pizza
 q - a chunk of flesh


   Skills:
 * Level 4.0 Maces & Flails
 - Level 2.7 Dodging
 - Level 2.0 Stealth
 - Level 3.0 Spellcasting
 + Level 3.3 Conjurations
   Level 1.0 Summonings
   Level 1.0 Translocations
 + Level 2.7 Fire Magic


You had 2 spell levels left.
You knew the following spells:

 Your Spells              Type           Power        Failure   Level  Hunger
a - Magic Dart            Conj           ###.         6%          1    None
b - Conjure Flame         Conj/Fire      ##......     21%         3    ###....
c - Mephitic Cloud        Conj/Pois/Air  #.......     41%         3    ###....
d - Repel Missiles        Chrm/Air       #.....       34%         2    ##.....


Dungeon Overview and Level Annotations

Branches:
Dungeon (5/15)             Temple (1/1) D:5

Altars:
Cheibriados
Fedhas
Kikubaaqudgha
Makhleb
Okawaru
Qazlal
Ru
Sif Muna
Xom
Yredelemnul
Zin
The Shining One


Message History

The worker ant poisons you!
Unknown command.
You sock the worker ant!
You kill the worker ant!
Your Maces & Flails skill increases to level 4!
* * * LOW HITPOINT WARNING * * *
You feel sick. The sky beast closely misses you.
You completely miss the sky beast.
The sky beast is heavily wounded.
* * * LOW HITPOINT WARNING * * *
You feel sick. The sky beast misses you.
You are feeling hungry.
Your leather armour prevents you from hitting the sky beast.
The sky beast is heavily wounded.
The sky beast misses you.
You hit the sky beast.
The sky beast is severely wounded.
* * * LOW HITPOINT WARNING * * *
You feel sick. The sky beast hits you.
You die...

..........................#
......###...#.#..⌠...⌠..#.#
......# ..Y#.#.........#.#
.#....# ###......>......#
.#####.. #.#.........### .#
#.# #>#.#..⌠...⌠..### .# .#
#...............# .# .
####..Y..^...#.# .#
##@##.##.## .. ##
###........# ##
#.......##.# .#
##.##.....#.# .. .....
...##.....#.#.... ......
.................. #.....
....##.......#.... #####
##.##.....### . #.......##


You could see a sky beast.

Vanquished Creatures
  An ogre (D:5)
  A crimson imp (D:5)
  2 giant frog skeletons
  2 worker ants (D:5)
  An orc wizard (D:3)
  3 adders
  2 giant mites (D:5)
  A worm (D:2)
  2 giant geckos
  An ooze (D:5)
  7 orcs
  2 ball pythons (D:3)
  3 bats
  2 bat zombies (D:5)
  2 giant cockroaches
  5 goblins
  4 hobgoblins
  3 quokkas
  2 giant newts
  6 jackals (D:3)
  5 kobolds
57 creatures vanquished.

Vanquished Creatures (others)
  A human (D:2)
1 creature vanquished.

Grand Total: 58 creatures vanquished

Notes
Turn   | Place    | Note
--------------------------------------------------------------
     0 | D:1      | timbw, the Human Wizard, began the quest for the Orb.
     0 | D:1      | Reached XP level 1. HP: 13/13 MP: 4/4
   182 | D:2      | Reached XP level 2. HP: 19/19 MP: 0/6
   205 | D:2      | Found an ancient bone altar of Kikubaaqudgha.
   205 | D:2      | Noticed a human
   209 | D:2      | Killed a human
   349 | D:2      | Identified a +1 pair of boots of running (You found it on level 2 of the Dungeon)
   424 | D:3      | Reached XP level 3. HP: 16/24 MP: 1/7
   429 | D:3      | Learned a level 3 spell: Conjure Flame
   493 | D:3      | Reached skill level 1 in Maces & Flails
   493 | D:3      | Reached skill level 1 in Fire Magic
   497 | D:3      | Reached XP level 4. HP: 27/30 MP: 3/9
  1047 | D:3      | Learned a level 3 spell: Mephitic Cloud
  1050 | D:3      | Learned a level 2 spell: Repel Missiles
  1058 | D:4      | Reached XP level 5. HP: 22/35 MP: 6/11
  1154 | D:5      | Entered Level 5 of the Dungeon
  1489 | D:5      | Noticed a sky beast
  1621 | D:5      | Reached XP level 6. HP: 32/41 MP: 9/12
  1737 | D:5      | Noticed an ogre
  1775 | D:5      | HP: 3/61 [ogre/giant club (26)]
  1776 | D:5      | Killed an ogre
  2022 | D:5      | Found a staircase to the Ecumenical Temple.
  2035 | Temple   | Entered the Ecumenical Temple
  2061 | Temple   | Became a worshipper of the Shining One
  2097 | D:5      | Reached skill level 4 in Maces & Flails
  2100 | D:5      | Slain by a sky beast

Action                   |  1- 3 |  4- 6 || total
-------------------------+-------+-------++-------
Melee: Flail             |    28 |   175 ||   203
Throw: Javelin           |     9 |     5 ||    14
 Cast: Magic Dart        |    24 |    18 ||    42
       Conjure Flame     |       |     3 ||     3
       Repel Missiles    |       |     1 ||     1
       Mephitic Cloud    |       |     2 ||     2
 Abil: Evoke Berserk Rag |       |     2 ||     2
  Use: Potion            |       |     1 ||     1
 Stab: Sleeping          |     1 |     1 ||     2
       Confused          |       |     2 ||     2
  Eat: Chunk             |       |     5 ||     5
